 Dungeon Crawl Stone Soup version 0.31-a0-174-g85c54bcb58 (webtiles) character file.

Game seed: 15004837889846640897

136 qw the Chopper (level 5, -1/32 HPs)
             Began as a Gargoyle Fighter on June 15, 2023.
             Slain by a gnoll
             ... wielding a +0 flail
             ... led by a gnoll bouda
              (6 damage)
             ... on level 3 of the Dungeon.
             The game lasted 00:00:58 (1886 turns).

qw the Chopper (Gargoyle Fighter)                   Turns: 1886, Time: 00:00:59

Health: -1/32      AC: 15    Str: 22    XL:     5   Next: 19%
Magic:  5/5        EV:  6    Int:  8    God:
Gold:   212        SH:  5    Dex: 15    Spells: 4/4 levels left

rFire   . . .        Y - +0 war axe
rCold   . . .        c - +0 buckler
rNeg    + . .        g - +0 plate armour
rPois   inf          (no helmet)
rElec   +            (no cloak)
rCorr   .            (no gloves)
SInv    .            (no boots)
Will    .....        (no amulet) Stlth
                     m - +6 ring of dexterity
HPRegen 0.25/turn    (no ring)
MPRegen 0.09/turn

%: no passive effects
@: about to teleport
A: sickness immunity, AC +4, negative energy resistance 1, electricity
resistance, torment resistance 1, petrification resistance
a: no special abilities


You were on level 3 of the Dungeon.
You visited 1 branch of the dungeon, and saw 3 of its levels.

You collected 212 gold pieces.


Innate Abilities, Weirdness & Mutations

You are immune to sickness and miasma.
Your stone body is resilient. (AC +4)
You are immune to poison.
You resist negative energy. (rN+)
You are resistant to electric shocks. (rElec)
You are resistant to unholy torment.
You are immune to petrification.


   Skills:
 - Level 3.2 Fighting
 + Level 4.5 Axes
 - Level 3.2 Armour
 - Level 1.0 Dodging
 - Level 3.2 Shields


You had 4 spell levels left.
You didn't know any spells.
Your spell library was empty.

Inventory:

Hand Weapons
 k - a +0 flail
 Y - a +0 war axe (weapon)
Missiles
 b - 4 boomerangs
 l - 2 silver boomerangs (quivered)
Armour
 c - a +0 buckler (worn)
 g - a +0 plate armour (worn)
Jewellery
 m - a +6 ring of dexterity (left hand)
Scrolls
 a - a scroll of identify
Potions
 d - 2 potions of might
 e - a potion of curing {unknown}
 f - a potion of brilliance {unknown}
 h - a potion of haste
 i - 2 potions of resistance {unknown}
 j - a potion of cancellation {unknown}

Dungeon Overview and Level Annotations

Branches:
Dungeon (3/15)

Altars:


Message History

Enter note: The gnoll bouda shouts!
The gnoll bouda barks out a call to the hunt!
1873 ||| Stepping ~*~*~tactically~*~*~ (hiding).
You start waiting.
A gnoll bouda is nearby!
1875 ||| Stepping ~*~*~tactically~*~*~ (hiding).
You start waiting.
A gnoll bouda is nearby!
You barely miss the gnoll bouda.
The gnoll bouda hits you with a +0 whip.
You hit the gnoll bouda but do no damage.
The gnoll bouda gazes fiercely through you!
You feel your attacks grow feeble. You block the gnoll bouda's attack.
The gnoll shouts!
You closely miss the gnoll bouda.
The gnoll bouda hits you with a +0 whip.
You block the gnoll bouda's attack.
You hit the gnoll bouda but do no damage.
The gnoll bouda hits you with a +0 whip.
You closely miss the gnoll bouda.
Your attacks no longer feel as feeble.
You slash the gnoll bouda!
The gnoll bouda is heavily wounded.
You hit the gnoll. You block the gnoll bouda's attack.
The gnoll hits you with a +0 flail! The gnoll bouda barely misses you.
You hit the gnoll bouda.
The gnoll bouda is severely wounded.
You hit the gnoll but do no damage.
The gnoll is no longer moving quickly.
The gnoll hits you with a +0 flail.
The gnoll bouda hits you with a +0 whip.
You block the gnoll's attack.
1886 ||| READING scroll of teleportation.
As you read the scroll of teleportation, it crumbles to dust.
You feel strangely unstable.
The gnoll bouda calls upon its god to heal the gnoll.
The gnoll's wounds heal themselves!
The gnoll hits you with a +0 flail.
You die...

#######.####.#######
#......#...........##
..###.###............
.....## ##.........#
#.##..###..........#
#.##.#.#.###.%.#...######
#.##.#..####...#)........
........#.....))gg.......
#..............#@#.......
#.##.##.#.###..#.#.....gg
#.##.##.#.# #.%#.#.......
.....##...###..#.#.P.....
#..............#.#.......
#######.#.####.#.........
.....(..#.# #.##........
#########.# #.# #
#.####.#


You could see a gnoll bouda and a gnoll.

Vanquished Creatures
  6 adders
  3 gnolls (D:3)
  A dart slug (D:1)
  5 endoplasms
  3 giant cockroaches
  5 hobgoblins
  7 jackals (D:1)
  4 kobolds
  5 ball pythons
  5 bats
  3 frilled lizards
  2 goblins (D:2)
  6 rats
55 creatures vanquished.

Notes
Turn   | Place    | Note
-------+----------+-------------------------------------------
     0 | D:1      | qw the Gargoyle Fighter began the quest for the Orb.
     0 | D:1      | Reached XP level 1. HP: 14/14 MP: 1/1
     0 | D:1      | 0 ||| qw: Version: 0.2-a-29-g511e9b1
     0 | D:1      | 0 ||| qw: Game counter: 5215
     0 | D:1      | 0 ||| qw: Always use a shield: true
     0 | D:1      | 0 ||| qw: God list: Okawaru
     0 | D:1      | 0 ||| qw: Allow faded altars: false
     0 | D:1      | 0 ||| qw: Do Orc after D:15 true
     0 | D:1      | 0 ||| qw: Do second Lair branch before Depths: true
     0 | D:1      | 0 ||| qw: Lair rune preference: random
     0 | D:1      | 0 ||| qw: Plans: Normal, Zot:1-4, Slime:5, God:TSO, Crypt,
                  | Tomb, Abyss, Pan, Hells, Win
     0 | D:1      | 0 ||| PLANNING D:1-11
    40 | D:1      | Reached skill level 2 in Axes
   102 | D:1      | 102 ||| Stepping ~*~*~tactically~*~*~ (stealth).
   108 | D:1      | Reached XP level 2. HP: 19/19 MP: 2/2
   311 | D:1      | Reached skill level 3 in Axes
   389 | D:1      | Reached XP level 3. HP: 23/23 MP: 3/3
   750 | D:1      | 750 ||| READING scroll labelled GIWNYE YRAVUOL.
   751 | D:1      | 751 ||| READING scroll labelled GIOROO ZIUGHO.
   752 | D:1      | 752 ||| READING scroll labelled SYNOUG BUOSA.
   776 | D:2      | 776 ||| Stepping ~*~*~tactically~*~*~ (stealth).
   837 | D:2      | 837 ||| Stepping ~*~*~tactically~*~*~ (stealth).
   893 | D:2      | Reached XP level 4. HP: 22/28 MP: 4/4
   933 | D:2      | Reached skill level 4 in Axes
  1603 | D:2      | 1603 ||| UPGRADING to +0 plate armour.
  1613 | D:2      | 1613 ||| DROPPING +0 scale mail.
  1614 | D:2      | 1614 ||| UPGRADING to +6 ring of dexterity.
  1615 | D:2      | 1615 ||| READING scroll labelled OROAMOLETA.
  1616 | D:2      | 1616 ||| READING scroll labelled BORAPS DATHEOMAOS.
  1621 | D:2      | 1621 ||| DRINKING 2 dark potions.
  1710 | D:3      | 1710 ||| Stepping ~*~*~tactically~*~*~ (stealth).
  1754 | D:3      | 1754 ||| Stepping ~*~*~tactically~*~*~ (hiding).
  1755 | D:3      | 1755 ||| Stepping ~*~*~tactically~*~*~ (hiding).
  1762 | D:3      | Reached skill level 1 in Dodging
  1762 | D:3      | Reached XP level 5. HP: 25/32 MP: 5/5
  1776 | D:3      | 1776 ||| FLEEEEING.
  1778 | D:3      | 1778 ||| FLEEEEING.
  1780 | D:3      | 1780 ||| FLEEEEING.
  1866 | D:3      | 1866 ||| DROPPING +0 club.
  1868 | D:3      | 1868 ||| Stepping ~*~*~tactically~*~*~ (stealth).
  1871 | D:3      | 1871 ||| Stepping ~*~*~tactically~*~*~ (stealth).
  1873 | D:3      | 1873 ||| Stepping ~*~*~tactically~*~*~ (hiding).
  1875 | D:3      | 1875 ||| Stepping ~*~*~tactically~*~*~ (hiding).
  1885 | D:3      | HP: 5/32 [gnoll bouda/+0 whip (4)]
  1886 | D:3      | 1886 ||| READING scroll of teleportation.
  1886 | D:3      | Slain by a gnoll

Levels and vault maps discovered:
D:1:      saegor_arrival_simple_c, layout_basic
D:2:      layout_basic, minmay_tetromino_l4
D:3:      layout_loops_ring, nicolae_grassy_gnolls

Skill      XL: |  1  2  3  4 |
---------------+-------------+-----
Axes           | 2 3 4 |  4.5
Dodging        | 1 |  1.0
Fighting       | |  3.2
Armour         | |  3.2
Shields        | |  3.2

Action                     |  1- 3 |  4- 6 || total
---------------------------+-------+-------++-------
  Melee: War axe           |   102 |    60 ||   162
  Throw: Boomerang         |       |    19 ||    19
    Use: Scroll            |     3 |     3 ||     6
         Potion            |       |     1 ||     1
 Armour: Scale mail        |    72 |    20 ||    92
         Plate armour      |       |    11 ||    11
  Dodge: Dodged            |    60 |    25 ||    85
  Block: Buckler           |    12 |    24 ||    36

Table legend:
 A = Non-vault XP
 B = Vault XP
 C = Vault XP percentage of total XP
 D = Non-vault monster count
 E = Vault monster count
 F = Vault count percentage of total count
                 A         B        C        D         E       F
            +---------+---------+-------+---------+---------+-------
      Total |     152 |      43 |  22.1 |      50 |       5 |   9.1
            +---------+---------+-------+---------+---------+-------
        D:1 |      40 |       0 |   0.0 |      23 |       0 |   0.0
        D:2 |      92 |       3 |   3.2 |      21 |       2 |   8.7
        D:3 |      20 |      40 |  66.7 |       6 |       3 |  33.3
            +---------+---------+-------+---------+---------+-------
